AoeStats
← 建建哥

Nomad

509394799Analyzed
2v2 RM · 7d ago on Sep 26, 2026· 30m 34s· 4 players
Game mode
Random Map
Map size
176×176
Population
200
Speed
Normal
Resources
Standard
Victory
Conquest
Starting age
Dark Age
Ending age
Imperial Age
RankedLock teamsTeams togetherTeam positionsShared explorationLock speedFull tech treeHidden civsTurbo modeCheats
Victory
Defeat
🇫🇮 Koreans · Finland
1175
+15
🇫🇮 Persians · Finland
1175
+15
🇹🇼 Vietnamese · Taiwan
1147
-15
🇹🇼 Persians · Taiwan
1143
-15
冰冰歷險記
8:04 Loom
14:47 Feudal Age
24:12 Castle Age
23:44 Forging
23:39 Scale Barding Armor
23:47 Horse Collar
24:23 Double-Bit Axe
28:11 Husbandry
28:58 Bloodlines
建建哥
4:11 Loom
17:21 Feudal Age
24:04 Castle Age
23:37 Bloodlines
29:29 Town Watch
30:19 Husbandry
Juhis92
6:17 Loom
13:13 Feudal Age
13:40 Double-Bit Axe
19:43 Castle Age
19:13 Stone Mining
19:23 Fishing Lines
20:44 Bow Saw
21:37 Horse Collar
24:56 Wheelbarrow
24:08 Town Watch
24:45 Bloodlines
24:37 Husbandry
25:38 Forging
26:06 Scale Barding Armor
TnT55
5:12 Loom
13:23 Feudal Age
20:15 Castle Age
19:53 Fishing Lines
22:52 Double-Bit Axe
24:44 Scale Mail Armor
26:28 Squires
27:47 Chain Mail Armor
28:57 Wheelbarrow
29:14 Forging
28:56 Fletching
29:36 Gillnets
Connection lost

Rejoining the realm…

Still unreachable

The connection could not be restored.

Session expired

The server has moved on; the page needs a fresh start.